 Dungeon Crawl Stone Soup version 0.27.1-1-g398f81649c (webtiles) character file.

Game seed: 16988827979331980784

104 Icepheonix32 the Ducker (level 5, -7/30 HPs)
             Began as a Kobold Warper on Sept 12, 2021.
             Killed from afar by an orc wizard (11 damage)
             ... with a puff of flame
             ... on level 2 of the Dungeon.
             The game lasted 00:07:24 (4115 turns).

Icepheonix32 the Ducker (Kobold Warper)             Turns: 4115, Time: 00:07:24

Health: -7/30      AC:  5    Str:  7 (8)  XL:     5   Next: 7%
Magic:  8/8        EV: 15    Int: 14 (17) God:
Gold:   66         SH:  0    Dex: 13 (15) Spells: 2/8 levels left

rFire    . . .     SeeInvis .   j - +1 dagger
rCold    . . .     Faith    .   (shield restricted)
rNeg     . . .     Spirit   .   b - +0 leather armour
rPois    .         Reflect  .   f - +0 helmet
rElec    .         Harm     .   (no cloak)
rCorr    .         Rampage  .   l - +0 pair of gloves
Will     .....                  (no boots)
Stlth    +++.......             (no amulet)
HPRegen  0.10/turn              (no ring)
MPRegen  0.11/turn              (no ring)

@: attractive
A: small, no large weapons, nightstalker 3, hooves 1, clever 1, MP-powered wands
a: no special abilities


You were on level 2 of the Dungeon.
You visited 1 branch of the dungeon, and saw 3 of its levels.

You collected 66 gold pieces.

Inventory:

Hand Weapons
 a - a +0 short sword
 j - a +1 dagger (weapon)
Missiles
 d - 5 boomerangs of dispersal (quivered)
Armour
 b - a +0 leather armour (worn)
 f - a +0 helmet (worn)
 l - a +0 pair of gloves (worn)
Scrolls
 c - a scroll of blinking
 e - a scroll of amnesia {unknown}
 g - a scroll of enchant weapon
 k - a scroll of identify {unknown}
Potions
 i - a potion of mutation


   Skills:
 - Level 2.1 Fighting
 - Level 4.1 Short Blades
 - Level 1.1 Throwing
 + Level 0.7 Armour
 * Level 4.2 Dodging
 + Level 3.0 Stealth
 + Level 2.1 Spellcasting
 + Level 3.0 Translocations


You had 2 spell levels left.
You knew the following spells:

 Your Spells              Type           Power      Damage    Failure   Level
a - Blink                 Tloc           N/A        N/A       16%         2
b - Animate Skeleton      Necr           2%         N/A       34%         1
c - Teleport Other        Tloc           9%         N/A       30%         3

Your spell library contained the following spells:

 Spells                   Type           Power      Damage    Failure   Level
 Apportation              Tloc           18%        N/A       10%         1
 Corona                   Hex            1%         N/A       34%         1
 Summon Small Mammal      Summ           4%         N/A       34%         1
 Gell's Gravitas          Tloc           4%         N/A       30%         3
 Lesser Beckoning         Tloc           4%         N/A       30%         3
 Manifold Assault         Tloc           9%         N/A       95%         5


Dungeon Overview and Level Annotations

Branches:
Dungeon (3/15)

Altars:

Annotations:
D:2 Terence


Innate Abilities, Weirdness & Mutations

You are small and have problems with some larger weapons.
You are completely attuned to the shadows.
You have large cloven feet.
Your mind is acute. (Int +2)
You expend magic power (3 MP) to strengthen your wands.


Message History

You hit something but do no damage.
You hear some strange, mumbled words.
A puff of flame appears from out of thin air!
The puff of flame misses you.
You miss something. Something hits you but does no damage.
You barely miss something. Your kick misses something.
Something barely misses you.
You closely miss something. You kick something.
Something hits you but does no damage.
You hit something. You kick something. You closely miss something.
Something hits you.
You closely miss something. Your kick misses something.
Something barely misses you.
You miss something. You kick something. Something hits you but does no damage.
You barely miss something.
You hear some strange, mumbled words.
A puff of flame appears from out of thin air!
The puff of flame misses you.
You hit something. You closely miss something. Your kick misses something.
Something hits you but does no damage.
You miss something. Something hits you but does no damage.
You miss something. Something closely misses you.
You hit something. Something hits you.
You miss something. You barely miss something. You kick something.
Something barely misses you.
You closely miss something.
You hear some strange, mumbled words.
A magic dart appears from out of thin air!
The magic dart hits you!
* * * LOW HITPOINT WARNING * * *
You miss something. Something hits you.
* * * LOW HITPOINT WARNING * * *
You closely miss something. Something hits you but does no damage.
It was a potion of attraction.
You feel attractive to monsters.
You hear some strange, mumbled words.
A puff of flame appears from out of thin air!
The puff of flame hits you!
You die...

##.#.#####.###.#.#
.#.#.#...#.#.#.#.#
.#.#.###.#.#.#.#.#
.........#.#...#.#
##########.#####.#
.........#.# #.#
####.###.#.# #.#
...#.#...#.# #.#
##.#.#####.###.#@#
...#...........#{#
####.###########.#
...#.#...# ####..#
##.#.#.#.# ......#
...#.#.#.# .....>#
####.###.# [....##
.........# .....#
##########
.....####


There were no monsters in sight!

Vanquished Creatures
  A gnoll (D:1)
  4 adders
  2 dart slugs
  4 orcs
  5 ball pythons
  3 endoplasms
  3 giant cockroaches
  3 goblins (D:1)
  7 hobgoblins
  2 kobolds
  4 quokkas
  3 bats (D:2)
  3 frilled lizards
  4 rats
48 creatures vanquished.

Notes
Turn   | Place    | Note
-------+----------+-------------------------------------------
     0 | D:1      | Icepheonix32 the Kobold Warper began the quest for the Orb.
     0 | D:1      | Reached XP level 1. HP: 12/12 MP: 3/3
   397 | D:1      | Reached XP level 2. HP: 13/17 MP: 5/5
  1147 | D:2      | Reached skill level 1 in Stealth
  1170 | D:2      | Reached XP level 3. HP: 21/21 MP: 6/6
  1625 | D:2      | Reached XP level 4. HP: 14/26 MP: 7/7
  1902 | D:2      | Found a faded altar of an unknown god.
  2543 | D:2      | Noticed Terence
  3177 | D:3      | Gained mutation: Your mind is acute. (Int +2) [potion of
                  | mutation]
  3177 | D:3      | Gained mutation: You have large cloven feet. [potion of
                  | mutation]
  3177 | D:3      | Gained mutation: You expend magic power (3 MP) to
                  | strengthen your wands. [potion of mutation]
  3333 | D:3      | HP: 1/26 [orc (3)]
  3353 | D:3      | Reached XP level 5. HP: 14/30 MP: 8/8
  3791 | D:3      | Learned a level 2 spell: Blink
  3793 | D:3      | Learned a level 1 spell: Animate Skeleton
  3797 | D:3      | Learned a level 3 spell: Teleport Other
  4115 | D:2      | Killed from afar by an orc wizard

Illustrated notes

Levels and vault maps discovered:
D:1:      wheals_arrival_shading, layout_basic
D:2:      mumra_celtic_spiral_tile, layout_basic,
          shapermc_ecumenical_altar_mp_vishouse, uniq_terence
D:3:      layout_loops_corners, kennysheep_small_spiral

Skill      XL: |  1  2  3  4  5 |
---------------+----------------+-----
Short Blades   | 3 4 |  4.1
Dodging        | 3 4 |  4.2
Stealth        | 1 2 3 |  3.0
Fighting       | |  2.1
Throwing       | |  1.1
Armour         | |  0.7
Spellcasting   | |  2.1
Translocations | |  3.0

Action                   |  1- 3 |  4- 6 || total
-------------------------+-------+-------++-------
Melee: Short sword       |    45 |       ||    45
       Dagger            |   109 |   204 ||   313
       Kick              |       |    22 ||    22
  Use: Potion            |       |     7 ||     7
       Scroll            |       |     1 ||     1
 Stab: Sleeping          |     7 |    11 ||    18
Armor: Leather armour    |    42 |    35 ||    77
Dodge: Dodged            |   136 |    94 ||   230
